Map: 光與影 - 天梯版

Players

MysteryMan (Rilakkuma) - Winner!

  • Race: Zerg Zerg
  • Spawn Location: 11:00

lemon

  • Race: Zerg Zerg
  • Spawn Location: 5:00

Event: DreamHack SC2 Masters 2020 Winter

VOD

Have the link to the VOD?

Description

Time

  • Played on: Oct. 13, 2020, 7:53 a.m.
  • Length: 8:55

All games in this series

Show
View Real Time Build Order
Export as new Build Order

MysteryMan Zerg - Winner!

Build Orders: Pool First 

Get SALT Encoding   

  12  0:00  Drone  
  13  0:13  Overlord  
  13  0:18  Drone  
  14  0:32  Drone x2  
  16  0:36  Drone  
  17  0:45  Spawning Pool  
  17  0:48  Drone  
  17  1:09  Hatchery  
  16  1:12  Drone  
  16  1:15  Drone  
  16  1:18  Drone  
  19  1:20  Extractor  
  18  1:32  Queen  
  20  1:33  Zergling x2  
  21  1:40  Overlord  
  21  1:50  Drone  
  22  2:00  Drone  
  23  2:08  Queen  
  25  2:12  Drone  
  26  2:20  Queen  
  26  2:21  Drone  
  29  2:25  Drone  
  30  2:31  Drone  
  31  2:37  Overlord  
  31  2:42  Drone  
  31  2:43  Drone x3  
  35  2:53  Drone  
  35  2:55  Queen  
  35  2:57  Drone  
  35  2:58  Drone  
  40  3:05  Drone, Evolution Chamber  
  40  3:07  Lair  
  40  3:11  Overlord  
  40  3:15  Drone  
  41  3:23  Drone x2, Roach Warren  
  41  3:24  Drone  
  41  3:25  Drone  
  44  3:32  Zerg Missile Weapons Level 1  
  44  3:38  Evolution Chamber  
  44  3:39  Drone x3  
  46  3:42  Extractor  
  46  3:43  Extractor  
  46  3:47  Drone x2  
  44  3:52  Drone  
  44  3:54  Overlord  
  44  4:05  Glial Reconstitution  
  44  4:07  Roach x3  
  44  4:09  Overlord  
  50  4:12  Queen  
  50  4:16  Roach x2  
  56  4:25  Roach  
  58  4:35  Roach x2  
  62  4:41  Hatchery  
  62  4:43  Overlord  
  62  4:44  Roach x2  
  65  4:54  Roach  
  65  4:59  Overlord  
  67  5:03  Roach  
  67  5:04  Roach x3  
  75  5:12  Overlord  
  75  5:20  Roach x4  
  83  5:26  Zerg Missile Weapons Level 2, Overlord  
  83  5:31  Roach x2  
  87  5:38  Roach x2  
  91  5:47  Roach x4  
  93  5:53  Roach x2  
  95  6:02  Roach x3  
  83  6:14  Roach x5  
  89  6:19  Roach  
  91  6:29  Roach x3  
  89  6:34  Roach  
  89  6:35  Roach x2  
  89  6:37  Drone x2  
  89  6:39  Drone  
  96  6:42  Drone  
  96  6:45  Ravager  
  96  6:46  Drone x2  
  100  6:49  Drone  
  100  6:52  Roach  
  103  6:57  Overlord  
  103  6:58  Roach  
  105  7:01  Overlord  
  105  7:04  Overlord  
  105  7:11  Overseer  
  105  7:12  Overlord  
  105  7:15  Roach x3  
  111  7:20  Roach x2  
  115  7:28  Roach  
  115  7:29  Roach x3  
  123  7:36  Roach x3  
  129  7:37  Ravager  
  130  7:45  Roach  
  130  7:46  Roach  
  130  7:48  Drone x2, Extractor  
  130  7:50  Drone x2  
  137  7:55  Overlord  
  137  8:03  Roach x5  
  125  8:14  Roach x5  
  131  8:26  Roach x3  
  129  8:35  Roach x5  
Show
View Real Time Build Order
Export as new Build Order

lemon Zerg 

Build Orders: Hatch First 

Get SALT Encoding   

  12  0:00  Drone  
  13  0:11  Overlord  
  13  0:17  Drone  
  14  0:31  Drone x2  
  16  0:47  Hatchery  
  15  0:51  Drone  
  15  0:55  Drone  
  17  0:58  Drone  
  18  1:08  Extractor  
  17  1:12  Spawning Pool  
  17  1:16  Drone  
  17  1:19  Drone  
  18  1:29  Drone  
  19  1:39  Drone  
  20  1:50  Drone  
  21  2:00  Queen x2  
  21  2:01  Zergling x4  
  27  2:08  Metabolic Boost  
  27  2:11  Zergling x2  
  27  2:12  Overlord  
  28  2:32  Hatchery  
  27  2:38  Drone x3  
  30  2:44  Drone  
  30  2:45  Drone  
  31  2:54  Evolution Chamber  
  31  2:56  Baneling Nest  
  30  3:04  Overlord  
  30  3:07  Zergling x6  
  30  3:11  Zergling x4  
  34  3:21  Evolution Chamber  
  34  3:24  Drone x5  
  34  3:26  Drone  
  40  3:32  Drone  
  41  3:36  Overlord  
  41  3:45  Drone x2  
  41  3:46  Drone  
  41  3:48  Drone  
  43  3:49  Drone  
  43  3:51  Drone, Zerg Missile Weapons Level 1  
  45  3:59  Drone x5  
  50  4:05  Roach Warren  
  49  4:12  Lair  
  49  4:14  Drone  
  49  4:15  Drone  
  49  4:16  Drone  
  52  4:23  Drone  
  52  4:24  Drone x3, Extractor  
  56  4:25  Extractor  
  54  4:33  Drone  
  54  4:34  Drone, Queen  
  54  4:35  Overlord  
  57  4:38  Overlord  
  57  4:46  Overlord  
  57  4:49  Extractor  
  57  4:52  Roach  
  57  4:58  Roach x7  
  57  4:59  Roach  
  73  5:05  Overlord x3  
  71  5:14  Roach  
  73  5:26  Roach x5  
  73  5:27  Glial Reconstitution  
  83  5:32  Roach x3  
  83  5:34  Overseer  
  89  5:36  Overlord x2  
  89  5:43  Roach x3  
  89  5:47  Roach  
  89  5:48  Roach  
  89  5:50  Roach  
  89  5:53  Roach  
  83  5:58  Roach x3  
  83  6:00  Roach  
  83  6:05  Roach x2  
  83  6:10  Roach x2  
  83  6:13  Roach  
  83  6:15  Roach  
  83  6:16  Roach  
  81  6:19  Roach  
  81  6:22  Roach  
  81  6:25  Roach  
  85  6:29  Roach x2  
  85  6:30  Overseer  
  85  6:32  Roach  
  87  6:34  Roach  
  87  6:36  Roach  
  87  6:44  Roach x3  
  93  6:51  Roach x2  
  93  6:52  Queen  
  99  6:56  Roach  
  101  7:01  Roach  
  101  7:02  Roach  
  101  7:03  Queen  
  101  7:07  Roach  
  109  7:12  Overlord x2  
  109  7:14  Overlord  
  109  7:15  Overlord  
  109  7:23  Roach  
  109  7:24  Roach  
  109  7:27  Overlord  
  109  7:28  Overlord  
  113  7:33  Roach x2  
  113  7:35  Ravager  
  118  7:38  Ravager x2  
  118  7:39  Overlord  
  118  7:40  Overlord  
  120  7:44  Roach  
  120  7:48  Roach x3  
  128  7:56  Roach  
  128  7:57  Roach x2  
  132  8:03  Roach  
  132  8:04  Roach x5  
  88  8:14  Roach x3  
  88  8:19  Roach x2  
  92  8:23  Roach  
  92  8:26  Roach  
  93  8:33  Roach x2  
  83  8:35  Roach  
  83  8:36  Roach  
Tags
 
Add a new tag
Caveats
  • Supply blocks, unpowered buildings, or Contaminate may cause inaccurate times.
  • Supply counts are checked every 10 seconds.